 Dungeon Crawl Stone Soup version 0.22-a0-392-g5dc3fd9af9 (webtiles) character file.

4979 MirrMurr the Spear-Bearer (level 10, -1/89 HPs)
             Began as a Centaur Berserker on Apr 30, 2018.
             Was an Elder of Trog.
             Slain by a two-headed ogre
             ... wielding a +0 giant spiked club
              (31 damage)
             ... on level 8 of the Dungeon on May 2, 2018.
             The game lasted 00:23:41 (7601 turns).

MirrMurr the Spear-Bearer (Centaur Berserker)       Turns: 7601, Time: 00:23:42

Health: -1/89      AC:  9    Str: 22    XL:     10   Next: 29%
Magic:  10/10      EV:  9    Int:  6    God:    Trog [****..]
Gold:   479        SH:  0    Dex: 13    Spells: 9/9 levels left

rFire    + . .     SeeInvis .   b - +2 spear (venom)
rCold    + . .     Gourm    .   (no shield)
rNeg     . . .     Faith    +   j - +0 ring mail
rPois    +         Spirit   .   x - +2 helmet
rElec    +         Reflect  .   F - +0 cloak
rCorr    +         Harm     .   (no gloves)
MR       .....                  (no barding)
Stlth    ..........             f - amulet of faith
HPRegen  0.24/turn              w - ring of flight
MPRegen  0.12/turn              v - +3 ring of dexterity

@: resistant, berserk cooldown, slowed
A: large, hooves 3, deformed body, speed 2, tough skin 3
a: Berserk, Trog's Hand, Brothers in Arms, Renounce Religion, Evoke Flight


You were on level 8 of the Dungeon.
You worshipped Trog.
Trog was greatly pleased with you.
You were near starving.

You visited 2 branches of the dungeon, and saw 10 of its levels.
You also visited: Sewer.

You collected 479 gold pieces.

Inventory:

Hand Weapons
 a - a +1 shortbow
 b - a +2 spear of venom (weapon)
 h - a +1 trident of distortion
Missiles
 o - 225 stones (quivered)
 q - 125 arrows
Armour
 j - a +0 ring mail (worn)
 x - a +2 helmet (worn)
 F - a +0 cloak (worn)
Jewellery
 f - an amulet of faith (around neck)
 g - an uncursed amulet of magic regeneration {unknown}
 v - a +3 ring of dexterity (right hand)
 w - a ring of flight (left hand)
Wands
 p - a wand of iceblast (2)
 z - a wand of digging (8)
 D - a wand of acid (7)
 H - a wand of polymorph (15)
 L - a wand of scattershot (5)
Scrolls
 n - 2 scrolls of summoning
 r - 5 scrolls of remove curse
 u - a scroll of magic mapping
 B - 7 scrolls of teleportation
 C - a scroll of fear
Potions
 d - a potion of resistance
 e - 2 potions of flight
 i - 6 potions of curing
 k - a potion of brilliance {unknown}
 l - a potion of agility
 m - 2 potions of lignification
 t - a potion of might {unknown}
 A - a potion of magic {unknown}
 E - 3 potions of haste
 I - 2 potions of invisibility
 K - 3 potions of mutation
Comestibles
 c - 16 rations


   Skills:
 + Level 8.3 Fighting
 * Level 10.3 Polearms
 * Level 1.4 Bows
 - Level 1.3 Armour
 - Level 1.3 Dodging
   Level 5.4 Shields


You had 9 spell levels left.
You didn't know any spells.

Dungeon Overview and Level Annotations

Branches:
Dungeon (9/15)             Temple (1/1) D:4
   Lair: D:8-11         Orc: D:9-12

Altars:
Ashenzari
Cheibriados
Elyvilon
Fedhas
Makhleb
Qazlal
Ru
Trog
Yredelemnul

Shops:
D:8 =

Annotations:
D:9 SupremeSnack's ghost, novice GnWz


Innate Abilities, Weirdness & Mutations

You have hooves in place of feet.
Armour fits poorly on your strangely shaped body.
You cover ground very quickly.
You have extremely tough skin. (AC +3)


Message History

The big kobold hits you but does no damage.
The kobold barely misses you. The kobold closely misses you.
The big kobold misses you. The kobold hits you but does no damage.
The two-headed ogre closely misses you.
The two-headed ogre hits you with a giant spiked club!!
You climb upwards.
There is a stone staircase leading down here.
You're still recovering from your berserk rage.
The big kobold hits you but does no damage.
The two-headed ogre closely misses you.
The two-headed ogre hits you with a giant spiked club.
There are monsters nearby!
Attack whom?
Press: ? - help, Dir - move target cursor, f - two-headed ogre
Aim: a two-headed ogre, wielding two giant spiked clubs (lightly wounded, poisoned)
You hit the two-headed ogre.
The two-headed ogre looks even sicker.
You kick the two-headed ogre.
The two-headed ogre is moderately wounded.
The two-headed ogre hits you with a giant spiked club!!
You die...

#.............# #.###########.#
#.# #...# #.# ###.####
###########.# #......#
#...........# #......#######
#......###..# #.......#.....
#......# #..#######.......#.####
#......# #.KK.O@..........#.....
#####.#####.#####..####...#.....
#..........#####........#..#..
####.#.#####.....................
#....#.........#####..##.........
#....#.###..:..# #..##.#.##..#.
#....#####.....# ##.##.#.##....
#..............######..#.#.###.#.
#............................))..


You could see a two-headed ogre, a big kobold and a kobold.

Vanquished Creatures
  A two-headed ogre (D:7)
  Pikel (D:8)
  A hornet (D:8)
  A slime creature (D:7)
  2 orc warriors
  4 ice beasts
  3 sky beasts
  2 phantoms
  6 ogres
  2 centaurs (D:8)
  A crocodile (D:8)
  Blork the orc (D:5)
  The ghost of Minion the Conjurer, an amateur DECj (D:3)
  2 big kobolds
  A bullfrog (D:6)
  A scorpion (D:6)
  A killer bee (D:7)
  A water moccasin skeleton (D:5)
  A bullfrog zombie (D:6)
  A crimson imp (D:8)
  4 hounds
  A quasit (D:7)
  3 orc priests
  A jelly (D:5)
  4 iguanas
  5 orc wizards
  4 worker ants
  2 killer bee zombies
  3 hound skeletons
  A worker ant zombie (D:3)
  4 gnolls (D:3)
  10 adders
  2 river rats (Sewer)
  2 oozes (D:3)
  A worm (D:4)
  2 leopard geckos
  17 orcs
  3 giant cockroaches
  10 goblins
  6 hobgoblins
  7 jackals
  4 quokkas
  2 ball pythons
  5 bats
  4 frilled lizards
  16 kobolds
  A leopard gecko skeleton (D:6)
  7 rats
165 creatures vanquished.

Vanquished Creatures (others)
  A hippogriff (D:7)
  A slave (D:8)
  A necrophage (D:8)
  A centaur (D:8)
  A crimson imp (D:7)
  A worker ant (D:8)
  2 hound skeletons (D:8)
  2 jackals (D:8)
10 creatures vanquished.

Grand Total: 175 creatures vanquished

Notes
Turn   | Place    | Note
-------+----------+-------------------------------------------
     0 | D:1      | MirrMurr the Centaur Berserker began the quest for the Orb.
     0 | D:1      | Reached XP level 1. HP: 19/19 MP: 1/1
   340 | D:1      | Reached skill level 3 in Polearms
   390 | D:1      | Reached XP level 2. HP: 26/26 MP: 2/2
  1372 | D:2      | Reached XP level 3. HP: 20/31 MP: 3/3
  1775 | D:3      | Reached ** piety under Trog
  1777 | D:3      | Reached skill level 4 in Polearms
  1777 | D:3      | Reached XP level 4. HP: 36/40 MP: 4/4
  2094 | D:3      | Found a shattered altar of Ashenzari.
  2095 | D:3      | Found a snail-covered altar of Cheibriados.
  2109 | D:3      | Reached XP level 5. HP: 46/46 MP: 5/5
  2230 | D:3      | Found a transporter.
  2246 | D:3      | Found a bloodstained altar of Trog.
  2256 | D:3      | Found a transporter.
  2654 | D:4      | Found a glowing drain.
  2674 | Sewer    | Entered a sewer
  2686 | Sewer    | Reached skill level 1 in Shields
  2824 | Sewer    | Reached skill level 5 in Polearms
  2824 | Sewer    | Reached XP level 6. HP: 52/53 MP: 6/6
  2875 | Sewer    | Found a white marble altar of Elyvilon.
  2928 | D:4      | Found a staircase to the Ecumenical Temple.
  2939 | Temple   | Entered the Ecumenical Temple
  3098 | D:4      | Reached *** piety under Trog
  3136 | D:3      | Found a basalt altar of Yredelemnul.
  3136 | D:3      | Found a burning altar of Makhleb.
  3136 | D:3      | Found a white marble altar of Elyvilon.
  3136 | D:3      | Noticed Minion's ghost (amateur DECj)
  3145 | D:3      | Killed Minion's ghost
  3459 | D:4      | Found a sacrificial altar of Ru.
  3484 | D:5      | Entered Level 5 of the Dungeon
  3484 | D:5      | Noticed a sky beast
  3504 | D:5      | Killed a sky beast
  3713 | D:5      | Noticed Blork the orc
  3718 | D:5      | Killed Blork the orc
  3718 | D:5      | Reached XP level 7. HP: 60/60 MP: 7/7
  3728 | D:5      | Reached skill level 5 in Fighting
  3864 | D:5      | Reached skill level 6 in Polearms
  4362 | D:5      | Upgraded the game from 0.22-a0-388-g09e6169d0a to 0.22-a0-392-g5dc3fd9af9
  4408 | D:6      | Reached XP level 8. HP: 62/69 MP: 8/8
  4546 | D:6      | Reached skill level 7 in Polearms
  5305 | D:7      | Noticed a hippogriff
  5340 | D:7      | Banished a hippogriff
  5340 | D:7      | Reached skill level 8 in Polearms
  5420 | D:7      | Reached XP level 9. HP: 75/78 MP: 9/9
  5547 | D:7      | Found a blossoming altar of Fedhas.
  5605 | D:7      | Found a stormy altar of Qazlal.
  5969 | D:7      | Noticed a two-headed ogre
  5988 | D:7      | Killed a two-headed ogre
  5988 | D:7      | Reached skill level 9 in Polearms
  6015 | D:7      | Reached **** piety under Trog
  6415 | D:8      | Found Doestruab's Jewellery Emporium.
  6498 | D:8      | Reached skill level 5 in Shields
  6524 | D:8      | Paralysed by a hornet for 1 turns
  6586 | D:8      | Noticed Pikel
  6611 | D:8      | Reached XP level 10. HP: 50/88 MP: 10/10
  6696 | D:8      | Killed Pikel
  6696 | D:8      | Reached skill level 10 in Polearms
  7063 | D:8      | Reached skill level 1 in Bows
  7440 | D:9      | Noticed SupremeSnack's ghost (novice GnWz)
  7578 | D:9      | Noticed a two-headed ogre
  7601 | D:8      | Slain by a two-headed ogre

Vault maps used:
D:1:      dpeg_arrival_pits
D:2:      cheibrodos_greedy_goblins, minmay_misc_feat_five
D:3:      nicolae_overflow_hidden_temple, gammafunk_temple_overflow_arena
D:4:      wad_pebble_path, nicolae_ru_path_of_blood, minmay_temple_entry_grid,
          first_ration, cheibrodos_sewer_entry_sluice
D:5:      uniq_blork_the_orc
D:7:      cheibrodos_barr_body, fedhas_altar_3, nicolae_qazlal_general_emergency
D:8:      serial_shops, shop, lemuel_old_faithful, uniq_pikel
Temple:   oiseaux_autumnal_temple
Sewer:    sewer_kobolds

Skill      XL: |  1  2  3  4  5  6  7  8  9 10 |
---------------+-------------------------------+-----
Polearms       | 3 4 5 6 8 9 10 | 10.3
Fighting       | 4 5 6 7 8 |  8.3
Shields        | 1 2 4 5 |  5.4
Bows           | 1 |  1.4
Armour         | |  1.3
Dodging        | |  1.3

Action                   |  1- 3 |  4- 6 |  7- 9 | 10-12 || total
-------------------------+-------+-------+-------+-------++-------
Melee: Spear             |   106 |   131 |    83 |    28 ||   348
       Kick              |     8 |    25 |    67 |    15 ||   115
       Trident           |       |       |   212 |    58 ||   270
 Fire: Shortbow          |       |       |       |     1 ||     1
Invok: Berserk           |     2 |     2 |     1 |     1 ||     6
       Trog's Hand       |       |       |     2 |       ||     2
  Use: Scroll            |     2 |     3 |    16 |     3 ||    24
       Potion            |       |       |       |     1 ||     1
 Stab: Sleeping          |       |       |     2 |       ||     2
  Eat: Chunk             |     2 |     7 |    10 |     2 ||    21
Armor: Ring mail         |    21 |    31 |    60 |    19 ||   131
Dodge: Dodged            |    17 |    18 |    27 |    18 ||    80
Block: Shield            |       |    39 |    78 |    24 ||   141

Table legend:
 A = Spawn XP
 B = Non-spawn XP
 C = Spawn XP percentage of total XP
 D = Spawn monster count
 E = Non-spawn monster count
 F = Spawn count percentage of total count
 G = Total turns spent on level
                    A         B        C        D         E        F      G
               +---------+---------+-------+---------+---------+-------+---------
         Total |       0 |    7113 |   0.0 |       0 |     170 |   0.0 |  7601
               +---------+---------+-------+---------+---------+-------+---------
           D:1 |       0 |      19 |   0.0 |       0 |      12 |   0.0 |  1013
           D:2 |       0 |      39 |   0.0 |       0 |      15 |   0.0 |   777
           D:3 |       0 |     292 |   0.0 |       0 |      23 |   0.0 |   625
           D:4 |       0 |      79 |   0.0 |       0 |      11 |   0.0 |   998
           D:5 |       0 |     749 |   0.0 |       0 |      19 |   0.0 |   752
           D:6 |       0 |     805 |   0.0 |       0 |      13 |   0.0 |   774
           D:7 |       0 |    2799 |   0.0 |       0 |      31 |   0.0 |  1255
           D:8 |       0 |    2200 |   0.0 |       0 |      34 |   0.0 |  1103
         Sewer |       0 |     131 |   0.0 |       0 |      12 |   0.0 |   247
               +---------+---------+-------+---------+---------+-------+---------
